Map: Frost LE

Players

Stephano

  • Race: Zerg Zerg
  • League: Grandmaster

LiquidTLO (TLO) - Winner!

  • Race: Zerg Zerg
  • League: Grandmaster

VOD

Have the link to the VOD?

Description

Time

  • Played on: July 5, 2016, 1:14 p.m.
  • Length: 6:18
Show
View Real Time Build Order
Export as new Build Order

Stephano Zerg 

Build Orders: Hatch First 

Get SALT Encoding   

  12  0:00  Drone  
  13  0:13  Overlord  
  13  0:18  Drone  
  14  0:31  Drone x2  
  14  0:35  Drone  
  17  0:52  Hatchery  
  17  0:55  Drone  
  17  0:58  Drone  
  18  1:09  Extractor  
  17  1:13  Spawning Pool  
  17  1:16  Drone  
  17  1:20  Drone  
  18  1:29  Drone  
  19  1:43  Drone  
  20  1:54  Overlord  
  20  2:01  Drone  
  20  2:04  Queen x2, Drone  
  26  2:08  Metabolic Boost  
  26  2:15  Drone x2  
  28  2:24  Drone  
  28  2:28  Drone  
  30  2:32  Baneling Nest  
  30  2:33  Zergling x2  
  30  2:37  Zergling x2  
  31  2:44  Overlord  
  31  2:51  Hatchery  
  31  2:54  Zergling x2  
  31  2:55  Zergling x2  
  32  3:01  Zergling x2  
  33  3:08  Drone x2  
  33  3:12  Zergling x6  
  38  3:16  Zergling x4  
  40  3:24  Drone x3  
  43  3:30  Baneling x4  
  43  3:32  Drone  
  44  3:36  Evolution Chamber  
  44  3:38  Overlord  
  43  3:41  Drone  
  44  3:51  Drone x2  
  42  3:56  Zergling x10  
  45  4:09  Drone x4  
  46  4:15  Queen  
  47  4:17  Zerg Ground Armor Level 1  
  47  4:20  Drone x2  
  47  4:21  Drone  
  47  4:23  Extractor  
  49  4:29  Roach Warren  
  48  4:34  Baneling  
  48  4:36  Drone x3  
  48  4:37  Drone  
  48  4:38  Overlord  
  50  4:46  Zergling x10  
  50  4:52  Overlord  
  54  5:02  Zergling x6  
  54  5:03  Zergling x6  
  60  5:13  Baneling x3  
  60  5:14  Zergling x6  
  59  5:21  Zergling x2  
  59  5:23  Baneling x4  
  59  5:26  Zergling x8  
  57  5:30  Roach  
  57  5:31  Roach x2  
  57  5:34  Zergling x4  
  53  5:40  Zergling x2  
  53  5:41  Zergling x8  
  53  5:49  Zergling x6  
  51  5:57  Zergling x6  
Show
View Real Time Build Order
Export as new Build Order

LiquidTLO Zerg - Winner!

Build Orders: Hatch First 

Get SALT Encoding   

  12  0:03  Drone  
  13  0:13  Overlord  
  13  0:17  Drone  
  14  0:31  Drone  
  14  0:32  Drone  
  16  0:36  Drone  
  17  0:56  Hatchery  
  16  0:57  Drone  
  16  1:02  Drone  
  18  1:04  Extractor  
  17  1:17  Spawning Pool  
  16  1:21  Drone  
  16  1:22  Drone  
  18  1:30  Drone  
  19  1:40  Overlord  
  19  2:00  Drone  
  20  2:02  Drone  
  20  2:03  Queen  
  20  2:07  Queen  
  25  2:10  Drone  
  25  2:13  Drone  
  27  2:18  Drone  
  28  2:23  Drone  
  29  2:32  Drone  
  29  2:33  Evolution Chamber  
  29  2:34  Drone  
  30  2:39  Queen  
  30  2:41  Drone  
  30  2:44  Evolution Chamber  
  32  2:45  Drone  
  33  2:52  Overlord  
  33  2:56  Drone  
  34  2:59  Zerg Melee Weapons Level 1  
  34  3:08  Roach Warren  
  34  3:10  Zerg Ground Armor Level 1  
  34  3:12  Drone  
  34  3:15  Drone  
  34  3:17  Drone  
  34  3:19  Drone  
  37  3:22  Drone  
  38  3:27  Overlord  
  38  3:33  Evolution Chamber  
  37  3:35  Drone x2  
  37  3:37  Drone  
  37  3:38  Metabolic Boost  
  40  3:43  Spine Crawler  
  40  3:45  Zergling x2  
  40  3:47  Zergling x2  
  41  3:49  Zergling x2  
  41  3:55  Zergling x2  
  43  3:57  Zergling x2  
  43  4:01  Zergling x2  
  43  4:02  Zergling x2  
  45  4:06  Drone  
  43  4:10  Zergling x2  
  43  4:11  Zergling x4  
  46  4:17  Zergling x2  
  46  4:19  Zergling x2  
  46  4:20  Baneling Nest  
  47  4:28  Zergling x2  
  47  4:30  Zergling x2  
  49  4:38  Zergling x2  
  49  4:41  Zergling x2  
  49  4:43  Zergling x2  
  50  4:46  Roach  
  50  4:47  Evolution Chamber  
  50  4:48  Zergling x2  
  51  4:58  Overlord  
  52  5:01  Overlord  
  52  5:09  Hatchery  
  52  5:11  Zergling x2  
  51  5:16  Zergling x2  
  51  5:17  Overlord  
  51  5:18  Zergling x2  
  51  5:19  Zergling x4  
  51  5:20  Zergling x2  
  51  5:21  Zergling x4  
  57  5:22  Baneling  
  57  5:23  Baneling  
  57  5:25  Zergling x2  
  55  5:31  Zergling x2  
  55  5:33  Zergling x2  
  56  5:38  Baneling  
  56  5:41  Zergling x2  
  56  5:42  Zergling x2  
  50  5:43  Zergling x4  
  50  5:45  Zergling x2  
  51  5:56  Zergling x4  
  50  6:01  Zergling x2  
Tags
 
Add a new tag
Caveats
  • Supply blocks, unpowered buildings, or Contaminate may cause inaccurate times.
  • Supply counts are checked every 10 seconds.